 Dungeon Crawl Stone Soup version 0.17-a0-854-g4a4ba72 (webtiles) character file.

639 namelastname112 the Twirler (level 7, -1/60 HPs)
             Began as a Purple Draconian Gladiator on Apr 28, 2015.
             Killed by divine providence
             ... invoked by an orc priest
              (13 damage)
             ... on level 4 of the Dungeon.
             The game lasted 00:07:24 (3797 turns).

namelastname112 the Twirler (DrGl)                  Turns: 3797, Time: 00:07:24

Health: -1/60      AC:  6    Str: 17    XL:     7   Next: 26%
Magic:  7/7        EV: 14    Int: 10    God:
Gold:   137        SH:  0    Dex: 16    Spells: 0 memorised, 6 levels left

rFire  . . .     SeeInvis .     a - +0 quarterstaff
rCold  . . .     Clarity  .     (armour unavailable)
rNeg   . . .     SustAb   .     (no shield)
rPois  .         Gourm    .     b - +0 hat
rElec  .         Spirit   .     (no cloak)
rCorr  .         Warding  .     (no gloves)
rMut   .         Stasis   .     (no boots)
MR     ++...                    (no amulet)
Stlth  +.........               (no ring)
                                i - +2 ring of intelligence

@: very resistant to hostile enchantments, very unstealthy
A: breathe power, unfitting armour, agile 1, magic resistance 1, evolution 1,
cold-blooded, AC +6
a: Breathe Dispelling Energy


You were on level 4 of the Dungeon.
You were not hungry.

You visited 1 branch of the dungeon, and saw 4 of its levels.

You collected 137 gold pieces.

Inventory:

Hand weapons
 a - a +0 quarterstaff (weapon)
Missiles
 c - 3 throwing nets (quivered)
Armour
 b - a +0 hat (worn)
Jewellery
 i - a +2 ring of intelligence (left hand)
Magical devices
 k - a wand of confusion (13)
Scrolls
 e - a scroll of remove curse {unknown}
 g - a scroll of fog {unknown}
 h - 2 scrolls of teleportation {unknown}
 j - 2 scrolls of enchant weapon {unknown}
 l - 2 scrolls of fear {unknown}
 m - 2 scrolls of amnesia {unknown}
 n - a scroll of recharging {unknown}
 p - a scroll of enchant armour {unknown}
 t - a scroll of identify {unknown}
Potions
 o - a potion of invisibility
 q - a potion of brilliance {unknown}
 u - a potion of berserk rage {unknown}
Books
 r - a book of Battle

   Spells                             Type                      Level
   a - Infusion                       Charms                       1
   b - Shroud of Golubria             Charms/Translocation         2
   c - Song of Slaying                Charms                       2
   d - Spectral Weapon                Hexes/Charms                 3
   e - Regeneration                   Charms/Necromancy            3
Comestibles
 d - 2 bread rations
 f - a slice of pizza
 s - 2 meat rations


   Skills:
 + Level 4.9 Fighting
 * Level 6.4 Staves
 - Level 1.7 Throwing
 + Level 4.2 Dodging


You had 6 spell levels left.
You didn't know any spells.

Dungeon Overview and Level Annotations

Branches:
Dungeon (4/15)
 Temple: D:4-7

Altars:
Ashenzari
Qazlal
Ru
Sif Muna
Yredelemnul
The Shining One


Innate Abilities, Weirdness & Mutations

You can breathe bolts of dispelling energy.
Your rich purple scales are hard (AC +6).
Your body does not fit into most forms of armour.
You are cold-blooded and may be slowed by cold attacks.
You are agile. (Dex +2)
You are resistant to hostile enchantments.
You evolve.


Message History

Something unseen opens the door.
The orc wizard gestures at you while chanting.
The magic dart hits you!
You open the door.
The orc priest utters an invocation to Beogh.
You feel a wave of unholy energy pass over you.
The orc priest glows brightly for a moment.
There is an open door here.
You close the door.
An orc wizard opens the door.
The orc wizard gestures at you while chanting.
The puff of flame hits you! The orc wizard casts a spell at you.
The magic dart hits you!
The orc priest mumbles some strange prayers to Beogh against you.
Something smites you!
* * * LOW HITPOINT WARNING * * *
The orc priest mumbles some strange prayers to Beogh against you.
Something smites you!
You die...

#####.#...# #...#.............'..
..###.#...# #...#.............#..
>.....#...# #...#.............#..
......#...# #...#.............#..
......#...# #...#.............#..
......##'#####'###'##..#...#..#..
...............##...#############
................#....#
..##............@....# ..
#............#....# .
#......##.[..##....#
#......##....####'##
#............#.....#
+..........o.#....># .
...........+.....#
+##..###oo.#..(..#
.##'####'###.....#


You could see an orc priest and an orc wizard.

Vanquished Creatures
  Grinder (D:4)
  Sigmund (D:2)
  A scorpion (D:4)
  Ijyb (D:2)
  Natasha (thrice) (D:2)
  4 gnolls
  5 adders
  4 worms
  3 giant geckos
  7 orcs
  11 bats
  2 giant cockroaches
  8 goblins
  8 hobgoblins
  A kobold (D:2)
  3 giant newts
  7 jackals
  12 rats
82 creatures vanquished.

Notes
Turn   | Place    | Note
--------------------------------------------------------------
     0 | D:1      | namelastname112, the Draconian Gladiator, began the quest for the Orb.
     0 | D:1      | Reached XP level 1. HP: 17/17 MP: 1/1
    84 | D:1      | Reached XP level 2. HP: 22/24 MP: 2/2
   381 | D:2      | Noticed Sigmund
   386 | D:1      | Gained mutation: You are resistant to hostile enchantments. [potion of mutation]
   386 | D:1      | Gained mutation: You are agile. (Dex +2) [potion of mutation]
   386 | D:1      | Gained mutation: You possess an exceptional clarity of mind. [potion of mutation]
   418 | D:2      | Found a sacrificial altar of Ru.
   525 | D:2      | Found a deep blue altar of Sif Muna.
   580 | D:2      | Noticed Ijyb
   595 | D:2      | Killed Ijyb
   595 | D:2      | Reached XP level 3. HP: 21/30 MP: 3/3
   688 | D:2      | Noticed Natasha
   726 | D:2      | Killed Natasha
   726 | D:2      | Reached skill level 4 in Staves
   726 | D:2      | Reached XP level 4. HP: 17/37 MP: 4/4
  1041 | D:3      | Found a glowing golden altar of the Shining One.
  1042 | D:3      | Noticed an angel
  1287 | D:2      | Noticed Natasha
  1303 | D:2      | Killed Natasha
  1798 | D:2      | Killed Sigmund
  1798 | D:2      | Reached skill level 5 in Staves
  1798 | D:2      | Reached XP level 5. HP: 19/46 MP: 5/5
  1798 | D:2      | Reached XP level 6. HP: 21/52 MP: 6/6
  1804 | D:2      | Lost mutation: You are agile. (Dex +2) [potion of mutation]
  1804 | D:2      | Gained mutation: You evolve. [potion of mutation]
  1804 | D:2      | Lost mutation: You possess an exceptional clarity of mind. [potion of mutation]
  1850 | D:2      | Noticed Natasha
  1859 | D:2      | Killed Natasha
  2448 | D:3      | Gained mutation: You are agile. (Dex +2) [evolution]
  2609 | D:2      | Found a shattered altar of Ashenzari.
  2930 | D:3      | Found a basalt altar of Yredelemnul.
  2931 | D:3      | Noticed a profane servitor
  3281 | D:4      | Noticed Grinder
  3307 | D:4      | Paralysed by Grinder for 7 turns
  3314 | D:4      | Killed Grinder
  3314 | D:4      | Reached skill level 6 in Staves
  3314 | D:4      | Your scales start taking on a rich purple colour.
  3314 | D:4      | Reached XP level 7. HP: 15/60 MP: 7/7
  3685 | D:4      | Found a stormy altar of Qazlal.
  3797 | D:4      | Killed from afar by an orc priest

Action                   |  1- 3 |  4- 6 |  7- 9 || total
-------------------------+-------+-------+-------++-------
Melee: Quarterstaff      |    90 |   214 |    18 ||   322
  Use: Potion            |     3 |     3 |       ||     6
  Eat: Chunk             |       |     7 |       ||     7
       Bread ration      |       |       |     1 ||     1
